 Dungeon Crawl Stone Soup version 0.28-a0-1235-g7c8fac35f0 (webtiles) character file.

Game seed: 6416920803306118821

16 torgal the Insei (level 2, -1/22 HPs)
             Began as a Djinni Transmuter on Dec 24, 2021.
             Slain by a frilled lizard (3 damage)
             ... on level 1 of the Dungeon.
             The game lasted 00:08:30 (1588 turns).

torgal the Insei (Djinni Transmuter)                Turns: 1588, Time: 00:08:30

Health: -1/22      AC:  0    Str:  9    XL:     2   Next: 70%
Gold:   52         EV: 12    Int: 14    God:
                   SH:  0    Dex: 13

rFire   + + .      SeeInvis .     - Unarmed
rCold   x . .      Faith    .   (no shield)
rNeg    . . .      Spirit   .   (no armour)
rPois   ∞          Reflect  .   (no helmet)
rElec   .          Harm     .   (no cloak)
rCorr   .          Rampage  .   (no gloves)
Will    .....                   (boots unavailable)
Stlth   +.........              (no amulet)
HPRegen 0.07/turn               (no ring)
MPRegen 0.00/turn               (no ring)

@: wereblooded, flying
A: sickness immunity, fire resistance 2, cold vulnerability 1, float, innate
caster, hp casting, extra vitality 1
a: no special abilities


You were on level 1 of the Dungeon.
You visited 1 branch of the dungeon, and saw 1 of its levels.

You collected 52 gold pieces.

Inventory:

Hand Weapons
 b - a +0 short sword
Missiles
 c - 42 stones (quivered)
 d - 2 datura-tipped darts
Armour
 a - a +0 robe
 e - a +1 plate armour
Potions
 f - a potion of degeneration
 g - a potion of cancellation {unknown}


   Skills:
 + Level 1.1 Fighting
 + Level 0.3 Short Blades
 + Level 0.1 Throwing
 + Level 2.3 Dodging
 + Level 0.1 Stealth
 + Level 3.2 Unarmed Combat
 + Level 1.8 Spellcasting


You couldn't memorise any spells.
You knew the following spells:

 Your Spells              Type           Power      Damage    Failure   Level
a - Beastly Appendage     Tmut           12%        N/A       12%         1
b - Wereblood             Tmut           6%         N/A       17%         2
c - Spider Form           Tmut/Pois      6%         N/A       34%         3
d - Ice Form              Ice/Tmut       6%         N/A       75%         4
Your spell library was empty.

Dungeon Overview and Level Annotations

Branches:
Dungeon (1/15)

Altars:


Innate Abilities, Weirdness & Mutations

You are immune to sickness and miasma.
You are immune to poison.
Your flesh is very heat resistant. (rF++)
You are vulnerable to cold. (rC-)
You float through the air rather than walking.
You learn spells naturally, not from books.
Your magical power is your life essence.
You have superior vitality. (+4 MHP)


Message History

Your blood is infused with primal strength.
Found a stone staircase leading down.
Found 18 sling bullets and a fuming red potion.
c - 16 stones (gained 1)
Found 14 gold pieces.
c - 17 stones (gained 1)
Found 11 gold pieces.
g - a fuming red potion Your primal bloodlust is almost over.
Your primal bloodlust has ended.
You now have 38 gold pieces (gained 11).
c - 42 stones (gained 25)
You now have 52 gold pieces (gained 14).
A frilled lizard and a hobgoblin come into view.
Found 13 stones.
Sorry, you're not good enough to have a special ability.
Casting: Wereblood (safe; 17% risk of failure)
Confirm with . or Enter, or press ? or * to list all spells.
Your blood is infused with primal strength.
An endoplasm comes into view.
The endoplasm quivers.
The frilled lizard hisses angrily.
A dart slug comes into view.
You hit the hobgoblin but do no damage. You barely miss the hobgoblin.
The hobgoblin hits you.
You hit the hobgoblin but do no damage. The hobgoblin misses you.
You hit the hobgoblin.
The hobgoblin is lightly wounded.
The hobgoblin hits you. The frilled lizard misses you.
You barely miss the hobgoblin.
The hobgoblin is lightly wounded.
The endoplasm freezes you.
You are frozen.
You feel a terrible chill! The hobgoblin barely misses you.
The frilled lizard barely misses you.
You closely miss the hobgoblin.
The hobgoblin is lightly wounded.
The endoplasm hits you. The hobgoblin hits you.
* * * LOW HITPOINT WARNING * * *
The frilled lizard bites you.
You die...

#.......##..# #
#......(##.## #
####.#####.# #
#.# #+# # #.#
## # #.# . #.
##. #.# ... #.
##...##.#.....
###.
#....g@J.w.....
....
##(..#.l.......
.... ##.
.......... ###
#. ...........
## #
##.....##... #.
##...## #+# #
#. ##.## #.# #.
#. ##
#.####.###.
##.#........


You could see a dart slug, an endoplasm, a hobgoblin and a frilled lizard.

Vanquished Creatures
  3 bats (D:1)
  A giant cockroach (D:1)
  3 hobgoblins (D:1)
  A quokka (D:1)
  3 ball pythons (D:1)
  A frilled lizard (D:1)
  A goblin (D:1)
  2 kobolds (D:1)
15 creatures vanquished.

Notes
Turn   | Place    | Note
-------+----------+-------------------------------------------
     0 | D:1      | torgal the Djinni Transmuter began the quest for the Orb.
     0 | D:1      | Reached XP level 1. HP: 17/17 MP: 0/0
   715 | D:1      | Reached XP level 2. HP: 17/22 MP: 0/0
  1588 | D:1      | Slain by a frilled lizard

Illustrated notes

Levels and vault maps discovered:
D:1:      wander_arrival_lonely_grave, layout_loops_corners, minmay_tetromino_s2

Action                   || total
-------------------------++-------
Melee: Unarmed           ||   100
       Short sword       ||     4
       Punch             ||     1
Throw: Stone             ||     7
       Dart              ||     3
 Cast: Beastly Appendage ||     1
       Wereblood         ||     2
  Use: Potion            ||     2
       Scroll            ||     2
 Stab: Sleeping          ||     1
Armor: Robe              ||     9
       Plate armour      ||    38
Dodge: Dodged            ||    51

Table legend: (Time is in decaauts)
 A = Elapsed time spent in this place.
 B = Non-inter-level travel time spent in this place.
 C = Inter-level travel time spent in this place.
 D = Time resting spent in this place.
 E = Time spent auto-exploring this place.
 F = Levels seen in this place.
 G = Mean time per level.
                   A        B        C        D        E       F      G
               +--------+--------+--------+--------+--------+-----+--------+
         Total |   1581 |   1581 |      0 |    108 |   1207 |   1 | 1581.0 |
       Dungeon |   1581 |   1581 |      0 |    108 |   1207 |   1 | 1581.0 |
               +--------+--------+--------+--------+--------+-----+--------+

Top non-repeatable levels by time:
     D:1: 1581 daAuts
